 Dungeon Crawl Stone Soup version 0.18.1-2-ga659475 (webtiles) character file.

6975 M4edhros the Covert (level 11, -14/74 HPs)
             Began as an Octopode Artificer on May 8, 2016.
             Was a Priest of Zin.
             Demolished by a hill giant
             ... wielding a +0 giant spiked club
              (29 damage)
             ... on level 12 of the Dungeon.
             The game lasted 00:21:42 (10802 turns).

M4edhros the Covert (Octopode Artificer)           Turns: 10802, Time: 00:21:43

Health: -14/74     AC:  1    Str: 12      XL:     11   Next: 8%
Magic:  18/18      EV: 15    Int: 13 (14) God:    Zin [***...]
Gold:   99         SH: 10    Dex: 15      Spells: 0 memorised, 10 levels left

rFire  . . .     SeeInvis .     g - +1 dagger (venom)
rCold  . . .     Gourm    .     A - +0 shield
rNeg   + . .     Faith    .     (helmet restricted)
rPois  +         Spirit   .     (no amulet)
rElec  .         Dismiss  .     t - ring of poison resistance
rCorr  .         Reflect  .     n - +1 ring of evasion
SustAt .         Harm     .     J - ring of positive energy
MR     .....                    (no ring)
Stlth  ++++++....               (no ring)
                                (no ring)
                                (no ring)
                                (no ring)

@: very slightly contaminated, not resistant to hostile enchantments, very
stealthy
A: almost no armour, amphibious, 8 rings, constrict 8, antennae 1, camouflage 1,
deterioration 1, gelatinous body 1
a: Recite, Vitalisation, Imprison, Donate Gold, Renounce Religion


You were on level 12 of the Dungeon.
You worshipped Zin.
Zin was most pleased with you.
You were hungry.

You visited 1 branch of the dungeon, and saw 11 of its levels.

You collected 426 gold pieces.
You spent 285 gold pieces at shops.
You donated 42 gold pieces to Zin.

Inventory:

Hand Weapons
 g - a +1 dagger of venom (weapon)
 o - a +0 hunting sling
 w - a +0 blowgun
Missiles
 a - 4 throwing nets
 p - 350 stones (quivered)
 x - 38 poisoned needles
Armour
 A - a +0 shield (worn)
Jewellery
 n - a +1 ring of evasion (right tentacle)
 t - a ring of poison resistance (left tentacle)
 J - a ring of positive energy (on tentacle)
Wands
 b - a wand of flame (13/48)
 c - a wand of enslavement (2/24)
 d - a wand of random effects (15/48)
 u - a wand of acid (4/15)
 D - a wand of confusion (9/48)
 E - a wand of paralysis (0/24)
 N - a wand of acid (9/15)
Scrolls
 e - 4 scrolls of amnesia {unknown}
 i - 2 scrolls of enchant weapon
 j - a scroll of noise
 k - 2 scrolls of magic mapping
 l - 2 scrolls of teleportation
 m - 7 scrolls of remove curse
 q - a scroll of fog
 y - a scroll of blinking
 z - 2 scrolls of recharging
 C - 2 scrolls of enchant armour
 H - a scroll of fear
Potions
 h - 2 potions of cure mutation
 r - 2 potions of flight
 K - a potion of invisibility
Books
 B - a book of Transfigurations

   Spells                             Type                      Level
   a - Irradiate                      Conjuration/Transmutation    5
   b - Statue Form                    Transmutation/Earth          6
   c - Hydra Form                     Transmutation                6
   d - Dragon Form                    Transmutation                7
   Zin disapproves of the use of such an item.
 M - a book of Power

   Spells                             Type                      Level
   a - Fulminant Prism                Conjuration/Hexes            4
   b - Iskenderun's Mystic Blast      Conjuration                  4
   c - Venom Bolt                     Conjuration/Poison           5
   d - Bolt of Magma                  Conjuration/Fire/Earth       5
   e - Iron Shot                      Conjuration/Earth            6
   f - Orb of Destruction             Conjuration                  7
   g - Spellforged Servitor           Conjuration/Summoning        7
Comestibles
 f - 6 bread rations
 s - 6 beef jerkies
 F - 3 meat rations
 G - 3 fruits


   Skills:
 + Level 6.7 Fighting
 - Level 1.0 Short Blades
 + Level 6.9 Dodging
 - Level 10.2 Stealth
 + Level 6.2 Shields
 * Level 10.0 Invocations
 - Level 4.9 Evocations


You had 10 spell levels left.
You didn't know any spells.

Dungeon Overview and Level Annotations

Branches:
Dungeon (11/15)            Temple (0/1) D:7            Lair (0/8) D:8
    Orc (0/2) D:10

Altars:
Ashenzari
Cheibriados
Elyvilon
Okawaru
Pakellas
Qazlal
Ru
Zin

Shops:
D:9 !   D:11 %


Innate Abilities, Weirdness & Mutations

You cannot wear most types of armour.
You are amphibious.
You can wear up to eight rings at the same time.
You can use your tentacles to constrict eight enemies at once.
Your skin changes colour to match your surroundings (Stealth).
Your rubbery body absorbs attacks (AC +1).
You have a pair of small antennae on your head.
Your body sometimes deteriorates upon taking damage.


Message History

The hungry ghost barely misses you.
You hit the hill giant but do no damage.
The hill giant is moderately wounded.
You block the hungry ghost's attack.
You hit the hill giant but do no damage.
The hill giant looks even sicker.
Your squeeze misses the hill giant.
The hill giant is moderately wounded.
The hill giant hits you with a giant spiked club!
Your body deteriorates!
You feel dopey. You block the hungry ghost's attack.
You hit the hill giant but do no damage.
The hill giant is moderately wounded.
You block the hungry ghost's attack.
The hill giant hits you with a giant spiked club!!
* * * LOW HITPOINT WARNING * * *
Unknown command.
Drink which item? (? for menu, Esc to quit)
You feel better. The hungry ghost closely misses you.
The hill giant hits you with a giant spiked club!!
You die...

#.............
#.#.#......# ##
#. #.#.#(†%..#.#
.. #.#
#.#.#..).#.# ..
#.# #.#.#....# .
..#### #.#
#.#.#...#.#
.....# #.#
#.#.#..#.#..
.....# #.#
#.#.#W.##....
.....###.###.#
#@#.......
.............#
#C........
.....###.#####
######..#.
.....###.## ..
...[....(.####.#
#
####...........#
#####..######
#..# #..#


You could see a hill giant (confused) and a hungry ghost.

Vanquished Creatures
  A hill giant (D:10)
  An ugly thing (D:12)
  A cyclops (D:12)
  An efreet (D:10)
  A wolf (D:8)
  A troll (D:12)
  2 wyverns (D:9)
  4 yaks (D:9)
  2 hippogriffs
  5 orc warriors
  3 ice beasts
  A sky beast (D:6)
  A phantom (D:8)
  4 ogres
  A crocodile (D:10)
  4 centaurs
  A big kobold (D:9)
  5 giant frogs
  A wyvern skeleton (D:9)
  4 scorpions
  11 killer bees
  A howler monkey (D:10)
  An electric eel (D:10)
  3 crimson imps
  A centaur zombie (D:7)
  2 giant frog zombies
  3 hounds
  3 orc priests
  A jelly (D:9)
  2 iguanas
  Jessica (D:2)
  A giant frog skeleton (D:8)
  5 orc wizards
  6 worker ants
  A worker ant zombie (D:9)
  Robin (D:2)
  A howler monkey skeleton (D:4)
  5 gnolls
  7 adders
  2 shadow imps
  3 oozes
  4 dart slugs
  3 giant geckos
  35 orcs
  8 bats
  3 giant cockroaches
  22 goblins
  13 hobgoblins
  13 jackals
  4 quokkas
  2 ball pythons (D:2)
  3 giant newts
  A jackal skeleton (D:8)
  15 kobolds
  4 rats
235 creatures vanquished.

Vanquished Creatures (collateral kills)
  Grum (D:8)
  A wolf (D:8)
  A crimson imp (D:8)
  An adder (D:8)
  2 gnolls (D:6)
  3 orcs (D:8)
9 creatures vanquished.

Vanquished Creatures (others)
  A wolf (D:8)
  A hound (D:10)
  2 orc wizards
  A gnoll (D:6)
5 creatures vanquished.

Grand Total: 249 creatures vanquished

Notes
Turn   | Place    | Note
--------------------------------------------------------------
     0 | D:1      | M4edhros the Octopode Artificer began the quest for the Orb.
     0 | D:1      | Reached XP level 1. HP: 13/13 MP: 3/3
   314 | D:1      | Reached XP level 2. HP: 14/18 MP: 4/4
   681 | D:1      | Reached XP level 3. HP: 7/23 MP: 5/5
  1355 | D:2      | Found a sacrificial altar of Ru.
  1376 | D:2      | Noticed Jessica
  1377 | D:2      | Reached skill level 5 in Stealth
  1703 | D:2      | Killed Jessica
  1703 | D:2      | Reached XP level 4. HP: 28/28 MP: 6/6
  1724 | D:2      | Found a glowing silver altar of Zin.
  1982 | D:2      | Became a worshipper of Zin the Law-Giver
  2144 | D:2      | Noticed Robin
  2433 | D:2      | Reached XP level 5. HP: 6/33 MP: 7/7
  2565 | D:2      | Killed Robin
  2565 | D:2      | Reached skill level 1 in Invocations
  3006 | D:3      | Found a shattered altar of Ashenzari.
  3219 | D:3      | Reached * piety under Zin
  3256 | D:3      | Found an oddly glowing altar of Pakellas.
  3530 | D:4      | Reached XP level 6. HP: 34/40 MP: 8/8
  4138 | D:4      | Reached skill level 1 in Shields
  4190 | D:4      | You fall through a shaft for 2 floors!
  4247 | D:6      | Noticed an orc warrior
  4256 | D:6      | Reached XP level 7. HP: 27/45 MP: 9/9
  4341 | D:7      | Found an iron altar of Okawaru.
  4484 | D:7      | Reached ** piety under Zin
  4851 | D:6      | Reached XP level 8. HP: 17/52 MP: 11/11
  5178 | D:6      | Reached skill level 5 in Invocations
  5811 | D:7      | Found a staircase to the Ecumenical Temple.
  5973 | D:7      | Found a snail-covered altar of Cheibriados.
  6625 | D:8      | Found a staircase to the Lair.
  6628 | D:8      | Noticed Grum
  6636 | D:8      | Reached XP level 9. HP: 23/58 MP: 13/13
  6654 | D:8      | Killed Grum
  7148 | D:8      | Found a white marble altar of Elyvilon.
  7196 | D:8      | Reached *** piety under Zin
  7254 | D:8      | Reached skill level 5 in Dodging
  7254 | D:8      | Reached skill level 10 in Stealth
  7658 | D:9      | Reached skill level 5 in Fighting
  8273 | D:9      | Reached XP level 10. HP: 53/66 MP: 15/15
  8376 | D:9      | Found Cuary's Distillery.
  8383 | D:9      | Bought 2 potions of agility for 120 gold pieces
  8383 | D:9      | Bought a potion of invisibility for 120 gold pieces
  8383 | D:9      | Bought a potion of curing for 45 gold pieces
  8383 | D:9      | Gained mutation: Your body sometimes deteriorates upon taking damage. [potion of mutation]
  8383 | D:9      | Gained mutation: You have a pair of small antennae on your head. [potion of mutation]
  8547 | D:9      | Reached skill level 5 in Shields
  9207 | D:10     | Entered Level 10 of the Dungeon
  9208 | D:10     | Noticed a hill giant
  9224 | D:10     | Killed a hill giant
  9453 | D:10     | Found a staircase to the Orcish Mines.
  9487 | D:10     | Found a stormy altar of Qazlal.
 10500 | D:11     | Found Xeskizal's Food Emporium.
 10673 | D:11     | You fall through a shaft!
 10712 | D:12     | Noticed a cyclops
 10745 | D:12     | Killed a cyclops
 10769 | D:12     | Noticed a cyan ugly thing
 10770 | D:12     | Noticed a hill giant
 10771 | D:12     | Reached XP level 11. HP: 43/74 MP: 18/18
 10782 | D:12     | Killed a cyan ugly thing
 10782 | D:12     | Reached skill level 10 in Invocations
 10802 | D:12     | Demolished by a hill giant

Skill      XL: |  1  2  3  4  5  6  7  8  9 10 11 |
---------------+----------------------------------+-----
Stealth        | 3 4 5 6 7 9 10 | 10.2
Invocations    | 2 3 4 6 7 9 10 | 10.0
Fighting       | 2 3 4 5 6 |  6.7
Dodging        | 3 4 5 6 |  6.9
Shields        | 1 2 3 4 6 |  6.2
Evocations     | 4 |  4.9
Short Blades   | |  1.0

Action                   |  1- 3 |  4- 6 |  7- 9 | 10-12 || total
-------------------------+-------+-------+-------+-------++-------
Melee: Dagger            |    58 |   129 |   190 |   204 ||   581
       Constrict         |    12 |    35 |    33 |    40 ||   120
       Tentacles         |     8 |    18 |    44 |    59 ||   129
Invok: Vitalisation      |       |       |     3 |     2 ||     5
       Imprison          |       |       |     1 |       ||     1
       Recite            |       |       |       |     2 ||     2
Evoke: Wand              |     3 |       |    26 |    14 ||    43
  Use: Potion            |     1 |       |     5 |     6 ||    12
       Scroll            |       |       |    11 |     4 ||    15
 Stab: Sleeping          |     9 |    16 |    26 |     9 ||    60
       Distracted        |     1 |     1 |       |       ||     2
       Paralysed         |       |       |     7 |       ||     7
       Confused          |       |       |     3 |     5 ||     8
  Eat: Chunk             |     1 |     8 |     3 |     5 ||    17
       Royal jelly       |       |       |     1 |     1 ||     2
       Bread ration      |       |       |     2 |       ||     2
       Beef jerky        |       |       |       |     1 ||     1
Armor: Skin              |     4 |    14 |     8 |     3 ||    29
Dodge: Dodged            |    32 |    69 |    74 |   131 ||   306
Block: Shield            |       |     4 |    68 |    85 ||   157
